 Dungeon Crawl Stone Soup version 0.22-a0-482-g76e0a5f (webtiles) character file.

115 epen the Cudgeler (level 5, -4/33 HPs)
             Began as a Gargoyle Monk on June 17, 2018.
             Killed from afar by an orc wizard (6 damage)
             ... with a magic dart
             ... on level 2 of the Dungeon.
             The game lasted 00:02:56 (2228 turns).

epen the Cudgeler (Gargoyle Monk)                   Turns: 2228, Time: 00:02:57

Health: -4/33      AC:  6    Str: 16    XL:     5   Next: 0%
Magic:  5/5        EV: 13    Int: 10    God:
Gold:   69         SH:  0    Dex: 12    Spells: 4/4 levels left

rFire    . . .     SeeInvis .   a - +0 mace
rCold    . . .     Gourm    .   (no shield)
rNeg     + . .     Faith    .   b - +0 robe
rPois    ∞         Spirit   .   (no helmet)
rElec    +         Reflect  .   (no cloak)
rCorr    +         Harm     .   (no gloves)
MR       .....                  (no boots)
Stlth    ++........             (no amulet)
HPRegen  0.11/turn              f - ring of resist corrosion
MPRegen  0.09/turn              (no ring)

@: no status effects
A: negative energy resistance 1, electricity resistance, unbreathing,
petrification resistance, rot immunity, AC +4
a: no special abilities


You were on level 2 of the Dungeon.
You were hungry.

You visited 1 branch of the dungeon, and saw 3 of its levels.

You collected 69 gold pieces.

Inventory:

Hand Weapons
 a - a +0 mace (weapon)
Armour
 b - a +0 robe (worn)
Jewellery
 f - a ring of resist corrosion (left hand)
Scrolls
 d - a scroll of teleportation {unknown}
 e - a scroll of fog {unknown}
 g - 5 scrolls of identify {unknown}
Potions
 h - 2 potions of curing {unknown}
Comestibles
 c - 5 rations
 i - 2 chunks of flesh


   Skills:
 + Level 4.0 Fighting
 * Level 4.1 Maces & Flails
 + Level 1.8 Armour
 + Level 3.0 Dodging
 - Level 2.1 Stealth


You had 4 spell levels left.
You didn't know any spells.
Your spell library was empty.

Dungeon Overview and Level Annotations

Branches:
Dungeon (3/15)

Altars:
Dithmenos
Sif Muna
Yredelemnul


Innate Abilities, Weirdness & Mutations

You are resistant to torment.
Your stone body is resilient. (AC +4)
You are immune to poison.
You resist negative energy. (rN+)
You are resistant to electric shocks. (rElec)
You can survive without breathing.
You are immune to petrification.
You are immune to rotting.


Message History

The giant cockroach closely misses you. The frilled lizard barely misses you.
Something barely misses you.
You hit something.
The giant cockroach bites you but does no damage.
Something hits you but does no damage.
The frilled lizard bites you but does no damage.
You miss something. Something hits you. The giant cockroach closely misses you.
The frilled lizard closely misses you.
You hear some strange, mumbled words.
A puff of frost appears from out of thin air!
The puff of frost hits you!
* * * LOW HITPOINT WARNING * * *
The giant cockroach barely misses you.
You closely miss something. Something hits you.
* * * LOW HITPOINT WARNING * * *
The frilled lizard barely misses you. The giant cockroach closely misses you.
You hear some strange, mumbled words.
A magic dart appears from out of thin air!
The magic dart hits you!
You die...

#.#.#.#.# #.#.#.#.#
#############.#.#.#.#
...........##.#.#.#.#
............#.#.#...#
#.#######.#.#.#.#####
#.#.....#.#...#.#
..#.###.#.##..#{##########
...............s@l.......#
..#.###.#.###.#).#######.###
............#<.............#
........#.#.#....###.#.#.#.#
........#.#.#......#.#.#.#.#
#.......#.#.#.#..#.#.#†#.#.#
###.......#.#.#..#.#.#.#.#.#
###.......#.#.#..#.#.#.#.#.#
............#.#....#.#.#.#.#


You could see a giant cockroach and a frilled lizard.

Vanquished Creatures
  A gnoll (D:1)
  3 adders (D:2)
  An ooze (D:1)
  2 worms (D:2)
  2 dart slugs
  A leopard gecko (D:2)
  4 orcs
  3 bats
  A giant cockroach (D:2)
  8 goblins
  4 hobgoblins
  13 jackals
  3 kobolds
  A ball python (D:2)
  5 frilled lizards
  8 rats
60 creatures vanquished.

Notes
Turn   | Place    | Note
-------+----------+-------------------------------------------
     0 | D:1      | epen the Gargoyle Monk began the quest for the Orb.
     0 | D:1      | Reached XP level 1. HP: 14/14 MP: 1/1
    96 | D:1      | Reached XP level 2. HP: 13/19 MP: 2/2
   295 | D:1      | Reached skill level 1 in Armour
   408 | D:1      | Reached XP level 3. HP: 23/23 MP: 3/3
  1050 | D:2      | Reached XP level 4. HP: 23/29 MP: 4/4
  1505 | D:2      | Found a basalt altar of Yredelemnul.
  1699 | D:2      | Found a shadowy altar of Dithmenos.
  1765 | D:2      | Found a deep blue altar of Sif Muna.
  2212 | D:3      | Reached XP level 5. HP: 32/33 MP: 5/5
  2228 | D:2      | Killed from afar by an orc wizard

Vault maps used:
D:1:      minmay_arrival_widening_spiral_wide
D:2:      yredelemnul_altar_generic, lemuel_blue_sif_altar,
          lemuel_coloured_pillars_altar
D:3:      uniq_jessica, uniq_robin

Skill      XL: |  1  2  3  4 |
---------------+-------------+-----
Armour         | 1 |  1.8
Maces & Flails | 4 |  4.1
Fighting       | 4 |  4.0
Dodging        | 3 |  3.0
Stealth        | |  2.1

Action                   |  1- 3 |  4- 6 || total
-------------------------+-------+-------++-------
Melee: Mace              |   107 |   115 ||   222
 Stab: Sleeping          |     1 |       ||     1
       Distracted        |     1 |       ||     1
  Eat: Chunk             |       |     4 ||     4
Armor: Robe              |    42 |    56 ||    98
Dodge: Dodged            |   119 |   147 ||   266

Table legend:
 A = Spawn XP
 B = Non-spawn XP
 C = Spawn XP percentage of total XP
 D = Spawn monster count
 E = Non-spawn monster count
 F = Spawn count percentage of total count
 G = Total turns spent on level
                    A         B        C        D         E        F      G
               +---------+---------+-------+---------+---------+-------+---------
         Total |       0 |     165 |   0.0 |       0 |      60 |   0.0 |  2228
               +---------+---------+-------+---------+---------+-------+---------
           D:1 |       0 |      70 |   0.0 |       0 |      30 |   0.0 |  1013
           D:2 |       0 |      92 |   0.0 |       0 |      29 |   0.0 |  1201
           D:3 |       0 |       3 |   0.0 |       0 |       1 |   0.0 |    14
               +---------+---------+-------+---------+---------+-------+---------
